 Dungeon Crawl Stone Soup version 0.28.0-45-g0d030f2227 (webtiles) character file.

Game seed: 14805378843152894266

70 pkoi the Insei (level 3, -1/30 HPs)
             Began as a Demigod Gladiator on Apr 19, 2022.
             Succumbed to a kobold brigand's curare-tipped dart
             ... on level 3 of the Dungeon.
             The game lasted 00:03:08 (3104 turns).

pkoi the Insei (Demigod Gladiator)                  Turns: 3104, Time: 00:03:09

Health: -1/30      AC:  9    Str: 21    XL:     3   Next: 77%
Magic:  5/5        EV:  8    Int: 12    God:
Gold:   125        SH:  0    Dex: 15    Spells: 2/2 levels left

rFire   . . .      SeeInvis .     - Unarmed
rCold   . . .      Faith    .   (no shield)
rNeg    . . .      Spirit   .   l - +0 chain mail
rPois   .          Reflect  .   b - +0 helmet
rElec   .          Harm     .   (no cloak)
rCorr   .          Rampage  .   (no gloves)
Will    .....                   (no boots)
Stlth   ..........              (no amulet)
HPRegen 0.10/turn               i - +6 ring of strength
MPRegen 0.09/turn               (no ring)

@: lethally poisoned (-1 -> -10), slowed, very slow
A: high MP 1, forlorn, divine attributes, dopey 1, screaming 1
a: no special abilities


You were on level 3 of the Dungeon.
You visited 1 branch of the dungeon, and saw 3 of its levels.

You collected 125 gold pieces.

Inventory:

Hand Weapons
 d - a +0 club
 g - a +0 dagger
 k - a +0 dagger
Missiles
 c - 3 throwing nets (quivered)
 m - 5 silver javelins
Armour
 a - a +0 leather armour
 b - a +0 helmet (worn)
 l - a +0 chain mail (worn)
Jewellery
 i - a +6 ring of strength (left hand)
Scrolls
 e - a scroll of torment
 h - a scroll of teleportation {unknown}
 j - a scroll of identify
 o - a scroll of fear {unknown}
Potions
 f - a potion of curing
 n - a potion of brilliance {unknown}


   Skills:
 + Level 2.6 Fighting
 - Level 1.7 Throwing
 - Level 2.6 Dodging
 * Level 4.0 Unarmed Combat


You had 2 spell levels left.
You didn't know any spells.
Your spell library contained the following spells:

 Spells                   Type           Power      Damage    Failure   Level
 Conjure Flame            Conj/Fire      0%         6-21      100%        3
 Ignite Poison            Fire/Tmut/Pois 0%         N/A       100%        3
 Sticky Flame             Conj/Fire      0%         2d3       100%        4
 Iskenderun's Battlesphe  Conj           0%         2d6       100%        5
 Iron Shot                Conj/Erth      0%         9d1       100%        6
 Spellforged Servitor     Conj/Summ      0%         N/A       100%        7


Dungeon Overview and Level Annotations

Branches:
Dungeon (3/15)

Shops:
D:2 [


Innate Abilities, Weirdness & Mutations

You have an increased reservoir of magic. (+10% MP)
You shall have no god before yourself.
Your divine heritage dramatically boosts your attributes as you level up.
You are dopey. (Int -2)
You occasionally shout uncontrollably at your foes.


Message History

You hit the white imp but do no damage.
The white imp lashes its tail.
The white imp hits you but does no damage.
You closely miss the white imp. You hit the white imp but do no damage.
The white imp gestures at you. The puff of frost hits you.
* * * LOW HITPOINT WARNING * * *
You are too injured to fight recklessly!
You are too injured to fight recklessly!
Unknown command.
You hit the white imp but do no damage. The white imp barely misses you.
You punch the white imp!
The white imp is heavily wounded.
The white imp gestures at you. The puff of frost hits you.
* * * LOW HITPOINT WARNING * * *
You hit the white imp but do no damage.
The white imp is heavily wounded.
The white imp gestures at you. The puff of frost misses you.
You closely miss the white imp.
The white imp is heavily wounded.
The white imp gestures at you.
The puff of frost hits you but does no damage.
You hit the white imp.
You kill the white imp!
The kobold brigand throws a curare-tipped dart.
The curare-tipped dart hits you.
You are poisoned.
You have difficulty breathing.
* * * LOW HITPOINT WARNING * * *
You feel yourself slow down.
Your Unarmed Combat skill increases to level 4!
* * * LOW HITPOINT WARNING * * *
You feel very sick.
The kobold brigand hits you with a +0 short sword.
* * * LOW HITPOINT WARNING * * *
You barely miss the kobold brigand.
You die...

#.# #...#.≈P# #.#
#.###≈P## #.# #.##.≈.#
#.#######.##.≈.##
######.........##.≈..#
#..........#####.P≈P..
#.###>.#########...≈PP
#.## #..####≈## #@#
#.#....... #K#
#.###.#.#. ... #.#
#.#... ##..# #.#
#..... #..# #.###)####
#..# #..[#.# #..#
#...#.####
......###.........
....<.......###


You could see a kobold brigand.

Vanquished Creatures
  An adder (D:2)
  A white imp (D:3)
  A worm (D:2)
  3 dart slugs
  5 bats
  4 endoplasms
  2 giant cockroaches
  5 goblins
  2 hobgoblins
  4 kobolds
  3 quokkas
  5 ball pythons
  3 frilled lizards
  5 rats
44 creatures vanquished.

Vanquished Creatures (others)
  3 fungi (D:3)
  3 plants (D:3)
6 creatures vanquished.

Grand Total: 50 creatures vanquished

Notes
Turn   | Place    | Note
-------+----------+-------------------------------------------
     0 | D:1      | pkoi the Demigod Gladiator began the quest for the Orb.
     0 | D:1      | Reached XP level 1. HP: 17/17 MP: 3/3
   237 | D:1      | Reached skill level 3 in Unarmed Combat
   395 | D:1      | Reached XP level 2. HP: 9/24 MP: 4/4
  1164 | D:1      | You fall into a shaft and drop 1 floor!
  1639 | D:2      | Reached XP level 3. HP: 28/30 MP: 5/5
  1777 | D:2      | Gained mutation: You are dopey. (Int -2) [potion of
                  | mutation]
  1777 | D:2      | Gained mutation: You occasionally shout uncontrollably at
                  | your foes. [potion of mutation]
  2263 | D:2      | Found Ocvein's Armour Shop.
  3090 | D:3      | Noticed a kobold brigand
  3103 | D:3      | Reached skill level 4 in Unarmed Combat
  3104 | D:3      | Succumbed to a kobold brigand's curare-tipped dart

Illustrated notes

Levels and vault maps discovered:
D:1:      amcnicky_arrival_double_pillar, layout_basic, feat_on_display
D:2:      layout_basic, serial_shops, shop_statue
D:3:      layout_loops_ring, shapermc_ecumenical_altar_hornbeckon

Skill      XL: |  1  2  3 |
---------------+----------+-----
Fighting       | 2 |  2.6
Unarmed Combat | 3 4 |  4.0
Throwing       | |  1.7
Dodging        | |  2.6

Action                   || total
-------------------------++-------
Melee: Unarmed           ||   139
       Punch             ||     5
  Use: Scroll            ||     3
       Potion            ||     4
Armor: Leather armour    ||    15
       Chain mail        ||    34
       Skin              ||     2
Dodge: Dodged            ||    59
